 Dungeon Crawl Stone Soup version 0.23.2-1-ga50397a6bc (webtiles) character file.

Game seed: 2864606809147070306

8879 Peloso the Carver (level 11, -2/95 HPs)
             Began as a Minotaur Fighter on Apr 14, 2019.
             Was a High Priest of Okawaru.
             Slain by a yak (12 damage)
             ... on level 11 of the Dungeon.
             The game lasted 00:23:28 (9695 turns).

Peloso the Carver (Minotaur Fighter)                Turns: 9695, Time: 00:23:28

Health: -2/95      AC: 16    Str: 22    XL:     11   Next: 15%
Magic:  10/10      EV: 11    Int:  5    God:    Okawaru [*****.]
Gold:   444        SH: 12    Dex: 12    Spells: 10/10 levels left

rFire    x . .     SeeInvis .   a - +1 long sword (holy)
rCold    + + +     Gourm    +   c - +0 shield
rNeg     . . .     Faith    .   w - +0 ice dragon scales
rPois    .         Spirit   .   (helmet restricted)
rElec    .         Reflect  .   O - scarf {cloud immunity}
rCorr    .         Harm     .   j - +1 pair of gloves
MR       .....                  t - +0 pair of boots
Stlth    ..........             L - amulet of the gourmand
HPRegen  0.25/turn              M - ring of protection from cold
MPRegen  0.12/turn              (no ring)

@: no status effects
A: retaliatory headbutt, horns 2
a: Heroism, Finesse, Renounce Religion


You were on level 11 of the Dungeon.
You worshipped Okawaru.
Okawaru was extremely pleased with you.
You were completely stuffed.

You visited 2 branches of the dungeon, and saw 12 of its levels.
You also visited: Sewer, Ossuary and Bailey.

You collected 444 gold pieces.

Inventory:

Hand Weapons
 a - a +1 long sword of holy wrath (weapon)
 m - a +3 short sword of flaming
Armour
 b - a +0 scale mail
 c - a +0 shield (worn)
 j - a +1 pair of gloves (worn)
 t - a +0 pair of boots (worn)
 w - +0 ice dragon scales (worn)
 O - a scarf of cloud immunity (worn)
Jewellery
 n - an uncursed amulet of rage
 L - an amulet of the gourmand (around neck)
 M - a ring of protection from cold (left hand)
 Q - the ring of Robustness {AC+8}
   (You found it on level 10 of the Dungeon)

   [ring of protection]

   It affects your AC (+8).
Wands
 u - a wand of iceblast (24)
 A - a wand of acid (4)
 I - a wand of polymorph (21)
 N - a wand of flame (14)
Scrolls
 e - 3 scrolls of fog
 g - 6 scrolls of remove curse
 i - 3 scrolls of immolation
 o - 4 scrolls of blinking
 p - a scroll of teleportation
 r - 2 scrolls of amnesia
 y - a scroll of magic mapping
 B - 3 scrolls of noise
 H - a scroll of fear
 J - a scroll of torment {unknown}
 K - 4 scrolls of identify
 P - 2 scrolls of enchant weapon {unknown}
 T - a scroll of enchant armour {unknown}
Potions
 d - 7 potions of might
 h - 7 potions of lignification
 k - a potion of agility
 l - 12 potions of curing
 q - 4 potions of haste
 s - 9 potions of flight
 v - 8 potions of heal wounds
 x - 3 potions of degeneration
 C - 6 potions of mutation
 D - a potion of berserk rage
 E - 2 potions of brilliance
 F - a potion of invisibility
 G - 3 potions of magic {unknown}
 S - a potion of experience {unknown}
Miscellaneous
 R - a lightning rod (4/4)
Comestibles
 f - 20 rations
 z - 7 chunks of flesh


   Skills:
 + Level 8.4 Fighting
 + Level 12.8 Long Blades
 + Level 9.4 Armour
 + Level 5.4 Dodging
 + Level 0.8 Stealth
 + Level 10.1 Shields
 + Level 0.3 Invocations
 + Level 0.6 Evocations


You had 10 spell levels left.
You didn't know any spells.
Your spell library contained the following spells:

 Spells                   Type           Power        Failure   Level  Hunger
 Beastly Appendage        Tmut           #.....       95%         1    ##.....
 Shock                    Conj/Air       #...         95%         1    ##.....
 Sticks to Snakes         Tmut           #.......     99%         2    ###....
 Swiftness                Chrm/Air       #.......     99%         2    ###....
 Spider Form              Tmut/Pois      #.........   100%        3    ####...
 Static Discharge         Conj/Air       #.......     100%        3    ####...
 Airstrike                Air            #.........   100%        4    #####..
 Ice Form                 Ice/Tmut       #.......     100%        4    #####..
 Blade Hands              Tmut           #.........   100%        5    ######.
 Lightning Bolt           Conj/Air       #.........   100%        5    ######.


Dungeon Overview and Level Annotations

Branches:
Dungeon (11/15)            Temple (1/1) D:6            Lair (0/6) D:11
    Orc (0/2) D:10

Altars:
Ashenzari
Gozag
Okawaru
Uskayaw
Wu Jian
Yredelemnul

Annotations:
D:5 2 transporters


Innate Abilities, Weirdness & Mutations

You reflexively headbutt those who attack you in melee.
You have a pair of horns on your head.


Message History

You kill the yak!
Okawaru accepts your kill.
You barely miss the yak. You slash the yak!
The yak is moderately wounded.
The yak barely misses you.
You slash the yak! Your headbutt misses the yak.
The yak is heavily wounded.
The yak gores you!
* * * LOW HITPOINT WARNING * * *
You hit the yak.
The yak is severely wounded.
The yak gores you but does no damage.
You barely miss the yak.
The yak is severely wounded.
The yak misses you.
You hit the yak. Your headbutt misses the yak.
The yak is severely wounded.
The yak gores you!
You die...

### ..# #.## ## ..... ...
#.##...#
#.##.#####.##...###
#.......@Y.........
#..#.#####.###...#
#..........####.###
#................)#######
#...........(.......)....
#.............####))#..##
#...............≈≈(≈)≈≈≈≈
#...............≈###.....
#...............≈# ######


You could see a yak.

Vanquished Creatures
  A two-headed ogre (D:8)
  A gargoyle (D:11)
  2 tengu conjurers (D:9)
  2 trolls (D:11)
  A hippogriff (D:5)
  Eustachio (D:4)
  2 yaks (D:11)
  A wyvern (D:9)
  Menkaure (D:7)
  4 hungry ghosts
  Edmund (D:3)
  2 two-headed ogre zombies (D:10)
  3 sky beasts (D:8)
  An ice beast (D:9)
  A phantom (D:9)
  A necrophage (D:6)
  A black bear (D:8)
  4 orc warriors
  8 centaurs
  2 wolves (D:11)
  5 ogres
  3 bullfrogs (D:8)
  A wyvern zombie (D:8)
  A wyvern skeleton (D:8)
  2 scorpions
  A water moccasin skeleton (D:6)
  3 killer bees (D:10)
  8 wights
  2 electric eels (D:11)
  A howler monkey (D:8)
  A bullfrog zombie (D:5)
  4 crimson imps
  A centaur zombie (Ossuary)
  A jelly (D:10)
  5 hounds
  6 orc priests
  8 orc wizards
  2 bullfrog skeletons
  Jessica (D:2)
  2 gnoll shamans
  Ijyb (D:4)
  Natasha (twice) (D:2)
  8 worker ants
  A killer bee zombie (D:6)
  6 ogre zombies (D:10)
  2 big kobold zombies (Ossuary)
  2 hound zombies
  6 mummies
  A worker ant zombie (D:9)
  10 adders
  28 gnolls
  2 river rats (D:5)
  2 shadow imps
  2 oozes
  4 worms
  A dart slug (D:2)
  2 leopard geckos
  38 orcs
  2 ball pythons (Sewer)
  7 giant cockroaches
  A gnoll zombie (Ossuary)
  12 hobgoblins
  11 jackals
  4 quokkas
  7 bats
  8 frilled lizards
  10 goblins
  2 goblin skeletons (D:10)
  2 goblin zombies
  A hobgoblin skeleton (D:10)
  5 hobgoblin zombies (D:10)
  33 kobolds
  A leopard gecko skeleton (D:4)
  4 orc skeletons (D:10)
  15 orc zombies
  6 rats
347 creatures vanquished.

Notes
Turn   | Place    | Note
-------+----------+-------------------------------------------
     0 | D:1      | Peloso the Minotaur Fighter began the quest for the Orb.
     0 | D:1      | Reached XP level 1. HP: 19/19 MP: 0/0
   268 | D:1      | Reached XP level 2. HP: 27/27 MP: 1/1
   643 | D:1      | Reached XP level 3. HP: 23/33 MP: 2/2
  1083 | D:2      | Reached skill level 3 in Long Blades
  1130 | D:2      | Reached XP level 4. HP: 20/40 MP: 3/3
  1485 | D:2      | Found an opulent altar of Gozag.
  1491 | D:2      | Noticed Jessica
  1491 | D:2      | Noticed Natasha
  1508 | D:2      | Killed Natasha
  1508 | D:2      | Reached skill level 4 in Long Blades
  1514 | D:2      | Killed Jessica
  1514 | D:2      | Reached XP level 5. HP: 19/46 MP: 4/4
  1819 | D:2      | Noticed Natasha
  1829 | D:2      | Killed Natasha
  2414 | D:4      | Noticed Ijyb
  2414 | D:4      | Noticed Edmund
  2430 | D:3      | Killed Edmund
  2430 | D:3      | Reached skill level 5 in Long Blades
  2430 | D:3      | Reached skill level 5 in Armour
  2430 | D:3      | Reached XP level 6. HP: 53/53 MP: 5/5
  2567 | D:4      | Killed Ijyb
  2679 | D:4      | Noticed Eustachio
  2705 | D:3      | Reached skill level 1 in Dodging
  2705 | D:3      | Reached skill level 5 in Shields
  2790 | D:4      | Killed Eustachio
  2790 | D:4      | Reached skill level 6 in Long Blades
  2790 | D:4      | Reached XP level 7. HP: 58/60 MP: 6/6
  3112 | D:5      | Entered Level 5 of the Dungeon
  3124 | D:5      | Found a sand-covered staircase.
  3137 | Ossuary  | Entered an ossuary
  3373 | D:5      | Reached skill level 5 in Fighting
  3428 | D:5      | Found a glowing drain.
  3432 | Sewer    | Entered a sewer
  3453 | Sewer    | Reached skill level 7 in Long Blades
  3830 | D:5      | Reached XP level 8. HP: 41/68 MP: 7/7
  3841 | D:5      | Reached skill level 8 in Long Blades
  3887 | D:5      | Noticed a hippogriff
  3896 | D:5      | Killed a hippogriff
  4141 | D:5      | Found a transporter.
  4344 | D:5      | Found a transporter.
  4835 | D:6      | Found a staircase to the Ecumenical Temple.
  4851 | D:6      | Reached skill level 9 in Long Blades
  4864 | Temple   | Entered the Ecumenical Temple
  4871 | Temple   | Became a worshipper of Warmaster Okawaru
  4944 | D:6      | Reached XP level 9. HP: 53/75 MP: 8/8
  5289 | D:7      | Noticed Menkaure
  5294 | D:7      | Killed Menkaure
  5294 | D:7      | Reached * piety under Okawaru
  6177 | D:8      | Reached skill level 10 in Long Blades
  6456 | D:8      | Reached ** piety under Okawaru
  6861 | D:8      | Noticed a two-headed ogre
  6878 | D:8      | Killed a two-headed ogre
  6878 | D:8      | Reached *** piety under Okawaru
  6878 | D:8      | Reached skill level 11 in Long Blades
  6878 | D:8      | Reached XP level 10. HP: 47/84 MP: 9/9
  7534 | D:9      | Found a basalt altar of Yredelemnul.
  7950 | D:10     | Entered Level 10 of the Dungeon
  7978 | D:10     | Reached **** piety under Okawaru
  8022 | D:10     | Found a staircase to the Orcish Mines.
  8038 | D:10     | Reached skill level 12 in Long Blades
  8044 | D:10     | Reached skill level 5 in Dodging
  8323 | D:10     | Found the ring of Robustness {AC+8}
  8877 | D:11     | Reached XP level 11. HP: 27/94 MP: 7/10
  8885 | D:11     | Reached ***** piety under Okawaru
  8922 | D:11     | Found a staircase to the Lair.
  8979 | D:11     | Found a flagged portal.
  9005 | Bailey   | Entered a bailey
  9594 | D:11     | Reached skill level 10 in Shields
  9695 | D:11     | Slain by a yak

Skill      XL: |  1  2  3  4  5  6  7  8  9 10 11 |
---------------+----------------------------------+-----
Shields        | 4 5 6 7 8 9 10 | 10.1
Armour         | 4 5 7 8 9 |  9.4
Fighting       | 4 5 6 8 |  8.4
Long Blades    | 3 4 5 6 7 9 11 12 | 12.8
Dodging        | 2 3 4 5 |  5.4
Stealth        | |  0.8
Invocations    | |  0.3
Evocations     | |  0.6

Action                   |  1- 3 |  4- 6 |  7- 9 | 10-12 || total
-------------------------+-------+-------+-------+-------++-------
Melee: Long sword        |    61 |   147 |   160 |   261 ||   629
       Headbutt          |     9 |    31 |    79 |    89 ||   208
       Scimitar          |       |       |   221 |   172 ||   393
Invok: Heroism           |       |       |       |     5 ||     5
Evoke: Wand              |       |     1 |     4 |     6 ||    11
  Use: Scroll            |       |       |    19 |       ||    19
  Eat: Chunk             |       |     6 |    21 |    23 ||    50
       Ration            |       |       |     1 |     1 ||     2
Armor: Scale mail        |    40 |    27 |       |       ||    67
       Ice dragon scales |       |    86 |   163 |   160 ||   409
Dodge: Dodged            |    32 |    48 |   127 |   178 ||   385
Block: Shield            |    47 |   100 |   228 |   277 ||   652
       Rpst.: Long sword |     6 |    14 |    17 |    23 ||    60
       Scimitar          |       |       |    17 |    19 ||    36
